General information
- name: BNet
- type: Ladder team game (AT/RT)
- host: Battle.net
- saver: ITKTOO
map: MarketSquare
- players: 8
- length: 72:53
- speed: Fast
- version: 1.26 W3XP
- replay type: Public
» download(353 KB)
Players
team 1 (loser)
MrsDoubtfire (
purple | 16 APM | 1172 actions | 72:53)
5 Blademaster
1 Mirror Image
1 Wind Walk
3 Critical Strike
» actions
| Assign group hotkey | 21 | |
| Basic commands | 34 | |
| Build / train | 58 | |
| ESC pressed | 4 | |
| Enter build submenu | 21 | |
| Enter hero's abilities submenu | 5 | |
| Give item / drop item | 1 | |
| Right click | 438 | |
| Select / deselect | 194 | |
| Select group hotkey | 297 | |
| Use ability | 99 | |
1172 total
» units
| Peon | 21 | |
| Wind Rider | 7 | |
| Troll Batrider | 2 | |
30 total
» upgrades
| Spiked Barricades | 1 | |
| Ranged Weapons | 2 | |
| Envenomed Spears | 1 | |
| Armor | 2 | |
6 total
» buildings
| Altar of Storms | 1 | |
| Orc Burrow | 9 | |
| War Mill | 1 | |
| Voodoo Lounge | 2 | |
| Watch Tower | 4 | |
| Stronghold | 4 | |
| Beastiary | 3 | |
| Fortress | 1 | |
25 total
» build order
00:08 Altar of Storms
00:14 Orc Burrow
00:33 War Mill
03:25 Voodoo Lounge
03:52 Watch Tower
03:54 Watch Tower
05:09 Stronghold
05:09 Stronghold
05:09 Stronghold
06:30 Orc Burrow
06:34 Watch Tower
07:39 Beastiary
07:42 Beastiary
07:44 Beastiary
07:48 Fortress
08:34 Orc Burrow
08:37 Orc Burrow
11:36 Orc Burrow
13:04 Watch Tower
17:20 Orc Burrow
17:24 Orc Burrow
17:28 Orc Burrow
17:31 Orc Burrow
21:44 Voodoo Lounge
» items
| Healing Salve | 2 | |
| Lesser Clarity Potion | 2 | |
| Scroll of Speed | 1 | |
| Orb of Lightning | 1 | |
| Scroll of Town Portal | 1 | |
7 total
RevengeIsMine (
green | 15 APM | 1115 actions | 72:53)
5 Archmage
2 Summon Water Elemental
3 Brilliance Aura
1 Mountain King
1 Storm Bolt
» actions
| Basic commands | 35 | |
| Build / train | 105 | |
| Enter build submenu | 33 | |
| Enter hero's abilities submenu | 7 | |
| Remove unit from queue | 4 | |
| Right click | 567 | |
| Select / deselect | 303 | |
| Use ability | 60 | |
1115 total
» units
| Peasant | 14 | |
| Footman | 8 | |
| Rifleman | 3 | |
| Priest | 5 | |
| Mortar Team | 2 | |
| Knight | 3 | |
| Sorceress | 7 | |
| Spell Breaker | 1 | |
| Flying Machine | 2 | |
| Dragonhawk Rider | 14 | |
| Siege Engine | 3 | |
| Gryphon Rider | 1 | |
63 total
» upgrades
| Plating | 2 | |
| Swords | 1 | |
| Long Rifles | 1 | |
| Gunpowder | 1 | |
| Lumber Harvesting | 1 | |
| Priest Training | 2 | |
| Magic Sentry | 1 | |
| Fragmentation Shards | 1 | |
| Flare | 1 | |
| Animal War Training | 1 | |
| Sorceress Training | 2 | |
| Flak Cannons | 1 | |
| Armor | 1 | |
| Barrage | 1 | |
| Cloud | 1 | |
18 total
» buildings
| Altar of Kings | 1 | |
| Farm | 11 | |
| Barracks | 1 | |
| Blacksmith | 1 | |
| Keep | 1 | |
| Lumber Mill | 1 | |
| Arcane Vault | 1 | |
| Scout Tower | 8 | |
| Guard Tower | 3 | |
| Castle | 1 | |
| Arcane Tower | 4 | |
| Arcane Sanctum | 1 | |
| Workshop | 1 | |
| Gryphon Aviary | 1 | |
| Town Hall | 1 | |
37 total
» build order
00:14 Altar of Kings
00:23 Farm
01:07 Barracks
02:13 Farm
03:10 Blacksmith
05:25 Keep
05:36 Farm
06:05 Lumber Mill
06:28 Farm
06:37 Arcane Vault
06:52 Scout Tower
06:56 Scout Tower
07:47 Guard Tower
07:48 Castle
07:50 Arcane Tower
08:21 Scout Tower
08:28 Farm
09:14 Farm
09:20 Farm
09:46 Arcane Sanctum
11:26 Workshop
11:31 Arcane Tower
12:45 Scout Tower
13:59 Farm
14:01 Arcane Tower
15:45 Farm
15:55 Scout Tower
16:28 Farm
16:39 Farm
16:42 Guard Tower
19:28 Scout Tower
19:42 Scout Tower
19:59 Guard Tower
20:36 Gryphon Aviary
20:50 Arcane Tower
20:54 Scout Tower
32:00 Town Hall
» items
| Potion of Lesser Invulnerability | 1 | |
| Scroll of Town Portal | 2 | |
3 total
ITKTOO (
teal | 45 APM | 3272 actions | 72:53)
11 Archmage
3 Summon Water Elemental
3 Brilliance Aura
3 Blizzard
2 Mass Teleport
8 Goblin Tinker
2 Engineering Upgrade
3 Cluster Rockets
1 Robo-Goblin
2 Pocket Factory
» actions
| Assign group hotkey | 76 | |
| Basic commands | 125 | |
| Build / train | 152 | |
| Enter build submenu | 45 | |
| Enter hero's abilities submenu | 19 | |
| Give item / drop item | 16 | |
| Remove unit from queue | 6 | |
| Right click | 1469 | |
| Select / deselect | 541 | |
| Select group hotkey | 580 | |
| Use ability | 243 | |
3272 total
» units
| Peasant | 38 | |
| Footman | 6 | |
| Gryphon Rider | 11 | |
| Dragonhawk Rider | 8 | |
63 total
» upgrades
| Defend | 1 | |
| Lumber Harvesting | 2 | |
| Masonry | 3 | |
| Storm Hammers | 1 | |
| Swords | 3 | |
| Armor | 3 | |
| Cloud | 1 | |
| Magic Sentry | 1 | |
| Animal War Training | 1 | |
16 total
» buildings
| Altar of Kings | 1 | |
| Barracks | 1 | |
| Farm | 14 | |
| Arcane Vault | 1 | |
| Town Hall | 5 | |
| Lumber Mill | 1 | |
| Scout Tower | 9 | |
| Arcane Tower | 3 | |
| Keep | 1 | |
| Castle | 1 | |
| Gryphon Aviary | 5 | |
| Guard Tower | 3 | |
| Arcane Sanctum | 1 | |
| Blacksmith | 2 | |
48 total
» build order
00:51 Altar of Kings
00:54 Barracks
00:56 Farm
01:05 Farm
01:32 Farm
02:04 Farm
03:11 Arcane Vault
04:00 Town Hall
04:47 Lumber Mill
05:39 Scout Tower
06:08 Scout Tower
06:10 Arcane Tower
06:59 Scout Tower
07:11 Keep
07:22 Arcane Tower
08:38 Farm
10:16 Castle
11:26 Scout Tower
11:27 Scout Tower
11:28 Scout Tower
11:32 Scout Tower
11:46 Gryphon Aviary
11:47 Gryphon Aviary
11:49 Gryphon Aviary
11:50 Gryphon Aviary
11:58 Guard Tower
12:00 Guard Tower
12:13 Guard Tower
12:14 Scout Tower
12:16 Scout Tower
12:45 Arcane Tower
12:56 Gryphon Aviary
13:26 Arcane Sanctum
13:39 Blacksmith
16:26 Blacksmith
21:18 Farm
21:19 Farm
21:20 Farm
21:25 Farm
21:30 Farm
22:12 Farm
22:12 Farm
22:13 Farm
22:45 Farm
31:57 Town Hall
33:08 Town Hall
39:11 Town Hall
44:16 Town Hall
» items
| Scroll of Regeneration | 3 | |
| Tome of Retraining | 2 | |
| Periapt of Vitality | 6 | |
| Potion of Invisibility | 3 | |
| Boots of Speed | 3 | |
| Scroll of Healing | 2 | |
| Potion of Healing | 1 | |
| Scroll of Town Portal | 1 | |
21 total

»
xTHE_BEAR_JEWx (
blue | 25 APM | 920 actions | 37:16)
3 Archmage
2 Summon Water Elemental
1 Blizzard
4 Paladin
2 Divine Shield
2 Holy Light
» actions
| Basic commands | 45 | |
| Build / train | 88 | |
| Enter build submenu | 44 | |
| Enter hero's abilities submenu | 7 | |
| Remove unit from queue | 6 | |
| Right click | 262 | |
| Select / deselect | 399 | |
| Use ability | 69 | |
920 total
» units
| Peasant | 20 | |
| Footman | 2 | |
| Rifleman | 11 | |
| Siege Engine | 16 | |
49 total
» upgrades
| Armor | 2 | |
| Plating | 4 | |
| Swords | 2 | |
| Long Rifles | 1 | |
| Lumber Harvesting | 1 | |
| Masonry | 2 | |
| Barrage | 1 | |
| Gunpowder | 3 | |
16 total
» buildings
| Altar of Kings | 1 | |
| Farm | 8 | |
| Barracks | 1 | |
| Scout Tower | 17 | |
| Blacksmith | 1 | |
| Lumber Mill | 1 | |
| Keep | 1 | |
| Guard Tower | 6 | |
| Arcane Vault | 1 | |
| Castle | 1 | |
| Workshop | 3 | |
| Town Hall | 3 | |
44 total
» build order
00:22 Altar of Kings
00:25 Farm
01:00 Barracks
01:15 Farm
02:04 Scout Tower
02:42 Blacksmith
02:48 Farm
02:59 Lumber Mill
03:15 Scout Tower
03:37 Farm
03:40 Keep
04:04 Guard Tower
04:12 Scout Tower
04:49 Guard Tower
05:05 Scout Tower
05:50 Guard Tower
05:52 Farm
05:59 Arcane Vault
06:47 Castle
07:55 Workshop
08:00 Workshop
08:07 Workshop
09:26 Farm
09:29 Scout Tower
10:52 Guard Tower
11:45 Farm
11:47 Farm
13:12 Town Hall
13:59 Scout Tower
15:16 Guard Tower
15:19 Scout Tower
16:32 Scout Tower
16:33 Guard Tower
18:32 Scout Tower
18:34 Scout Tower
18:37 Scout Tower
18:39 Scout Tower
18:44 Scout Tower
18:45 Scout Tower
28:59 Town Hall
29:48 Scout Tower
29:49 Scout Tower
29:50 Scout Tower
33:46 Town Hall
» items
| Orb of Fire | 1 | |
| Scroll of Town Portal | 1 | |
2 total
team 2 (winner)

»
KIllingtonSki (
pink | 21 APM | 1523 actions | 72:53)
4 Blademaster
2 Wind Walk
2 Critical Strike
» actions
| Assign group hotkey | 7 | |
| Basic commands | 14 | |
| Build / train | 42 | |
| Enter build submenu | 11 | |
| Enter hero's abilities submenu | 5 | |
| Right click | 972 | |
| Select / deselect | 215 | |
| Select group hotkey | 196 | |
| Use ability | 59 | |
1523 total
» units
| Peon | 14 | |
| Troll Witch Doctor | 4 | |
| Shaman | 3 | |
21 total
» upgrades
| Spiked Barricades | 1 | |
| Witch Doctor Training | 2 | |
| Shaman Training | 2 | |
| Reinforced Defenses | 1 | |
6 total
» buildings
| Altar of Storms | 1 | |
| Orc Burrow | 5 | |
| Voodoo Lounge | 1 | |
| War Mill | 2 | |
| Stronghold | 1 | |
| Fortress | 1 | |
| Spirit Lodge | 2 | |
13 total
» build order
00:08 Altar of Storms
00:14 Orc Burrow
00:20 Voodoo Lounge
03:08 War Mill
04:58 Stronghold
06:15 Orc Burrow
07:12 Orc Burrow
07:39 Fortress
08:47 Spirit Lodge
10:40 Spirit Lodge
14:30 War Mill
15:03 Orc Burrow
16:05 Orc Burrow
» items
| Healing Salve | 2 | |
| Lesser Clarity Potion | 2 | |
| Orb of Lightning | 1 | |
| Scroll of Speed | 1 | |
| Staff of Teleportation | 1 | |
| Potion of Lesser Invulnerability | 1 | |
8 total
Experiments (
yellow | 56 APM | 2848 actions | 51:09)
7 Mountain King
3 Storm Bolt
3 Thunder Clap
1 Avatar
» actions
| Assign group hotkey | 173 | |
| Basic commands | 126 | |
| Build / train | 104 | |
| ESC pressed | 4 | |
| Enter build submenu | 38 | |
| Enter hero's abilities submenu | 7 | |
| Right click | 1109 | |
| Select / deselect | 572 | |
| Select group hotkey | 553 | |
| Use ability | 162 | |
2848 total
» units
| Peasant | 28 | |
| Footman | 1 | |
| Rifleman | 2 | |
| Dragonhawk Rider | 11 | |
| Priest | 4 | |
| Spell Breaker | 1 | |
| Knight | 1 | |
| Gryphon Rider | 1 | |
| Flying Machine | 7 | |
56 total
» upgrades
| Lumber Harvesting | 2 | |
| Gunpowder | 2 | |
| Swords | 1 | |
| Animal War Training | 1 | |
| Flak Cannons | 1 | |
7 total
» buildings
| Lumber Mill | 1 | |
| Scout Tower | 11 | |
| Guard Tower | 9 | |
| Altar of Kings | 1 | |
| Farm | 13 | |
| Arcane Tower | 1 | |
| Arcane Vault | 1 | |
| Barracks | 1 | |
| Keep | 1 | |
| Blacksmith | 1 | |
| Gryphon Aviary | 2 | |
| Arcane Sanctum | 1 | |
| Town Hall | 1 | |
| Castle | 4 | |
| Workshop | 2 | |
50 total
» build order
00:07 Lumber Mill
00:50 Scout Tower
00:53 Scout Tower
00:55 Scout Tower
00:59 Scout Tower
01:21 Guard Tower
01:22 Guard Tower
01:25 Guard Tower
02:25 Altar of Kings
02:27 Farm
02:56 Scout Tower
02:58 Scout Tower
03:26 Arcane Tower
04:28 Scout Tower
05:39 Scout Tower
06:13 Guard Tower
06:15 Arcane Vault
06:19 Barracks
09:13 Keep
09:49 Farm
09:52 Farm
09:55 Scout Tower
10:21 Blacksmith
11:10 Guard Tower
11:13 Scout Tower
11:18 Scout Tower
11:28 Farm
12:16 Guard Tower
12:19 Guard Tower
12:19 Guard Tower
12:48 Gryphon Aviary
13:04 Gryphon Aviary
14:27 Arcane Sanctum
14:55 Farm
15:19 Farm
17:03 Town Hall
18:16 Farm
18:19 Farm
18:24 Castle
18:25 Castle
18:25 Castle
21:01 Farm
21:04 Farm
22:52 Farm
26:09 Workshop
26:11 Workshop
27:44 Farm
28:45 Farm
» items
| Scroll of Regeneration | 4 | |
| Lesser Clarity Potion | 4 | |
| Scroll of Town Portal | 3 | |
| Boots of Speed | 1 | |
| Potion of Lesser Invulnerability | 1 | |
| Potion of Invisibility | 1 | |
| Potion of Healing | 1 | |
| Potion of Mana | 2 | |
17 total
DontLeaveMorons (
orange | 48 APM | 3514 actions | 72:28)
8 Blood Mage
3 Flame Strike
3 Banish
1 Summon Phoenix
1 Siphon Mana
7 Goblin Tinker
3 Engineering Upgrade
3 Cluster Rockets
1 Robo-Goblin
» actions
| Assign group hotkey | 80 | |
| Basic commands | 124 | |
| Build / train | 167 | |
| Enter build submenu | 40 | |
| Enter hero's abilities submenu | 13 | |
| Give item / drop item | 23 | |
| Remove unit from queue | 1 | |
| Right click | 1467 | |
| Select / deselect | 903 | |
| Select group hotkey | 517 | |
| Use ability | 179 | |
3514 total
» units
| Peasant | 16 | |
| Footman | 9 | |
| Gryphon Rider | 9 | |
| Rogue | 2 | |
| Assassin | 2 | |
| Kobold Geomancer | 2 | |
| Forest Troll High Priest | 1 | |
| Knight | 2 | |
| Dragonhawk Rider | 2 | |
| Siege Engine | 2 | |
47 total
» upgrades
| Masonry | 3 | |
| Swords | 3 | |
| Lumber Harvesting | 2 | |
| Armor | 3 | |
| Animal War Training | 1 | |
| Storm Hammers | 1 | |
| Plating | 3 | |
| Backpack | 1 | |
| Cloud | 1 | |
| Gunpowder | 3 | |
| Barrage | 1 | |
| Flak Cannons | 1 | |
| Flying Machine Bombs | 1 | |
| Fragmentation Shards | 1 | |
| Flare | 1 | |
| Long Rifles | 1 | |
| Defend | 1 | |
| Magic Sentry | 1 | |
| Sorceress Training | 1 | |
| Priest Training | 1 | |
31 total
» buildings
| Altar of Kings | 1 | |
| Farm | 12 | |
| Barracks | 1 | |
| Arcane Vault | 1 | |
| Lumber Mill | 2 | |
| Keep | 2 | |
| Scout Tower | 12 | |
| Arcane Tower | 1 | |
| Blacksmith | 1 | |
| Castle | 2 | |
| Gryphon Aviary | 2 | |
| Town Hall | 4 | |
| Guard Tower | 3 | |
| Workshop | 1 | |
| Arcane Sanctum | 1 | |
46 total
» build order
00:03 Altar of Kings
00:07 Farm
00:10 Barracks
01:23 Farm
02:01 Farm
02:13 Arcane Vault
02:39 Lumber Mill
03:04 Keep
03:33 Scout Tower
04:05 Arcane Tower
04:09 Blacksmith
05:30 Farm
06:07 Castle
06:40 Gryphon Aviary
06:46 Gryphon Aviary
08:34 Farm
08:36 Farm
09:25 Farm
09:27 Farm
10:48 Town Hall
14:11 Scout Tower
14:11 Scout Tower
14:14 Scout Tower
17:09 Guard Tower
18:03 Scout Tower
18:04 Scout Tower
18:09 Scout Tower
19:20 Guard Tower
28:37 Workshop
32:59 Farm
33:00 Farm
33:01 Farm
33:11 Farm
35:07 Town Hall
42:32 Keep
43:38 Town Hall
44:29 Lumber Mill
47:43 Town Hall
51:40 Castle
55:08 Scout Tower
55:09 Scout Tower
55:11 Scout Tower
55:16 Scout Tower
55:19 Scout Tower
55:51 Guard Tower
65:04 Arcane Sanctum
» items
| Scroll of Regeneration | 9 | |
| Boots of Speed | 2 | |
| Staff of Teleportation | 2 | |
| Potion of Invisibility | 5 | |
| Lesser Clarity Potion | 5 | |
| Potion of Healing | 8 | |
| Potion of Mana | 3 | |
| Scroll of Town Portal | 4 | |
| Orb of Fire | 3 | |
| Scroll of Healing | 10 | |
| Periapt of Vitality | 1 | |
| Potion of Lesser Invulnerability | 1 | |
| Mechanical Critter | 7 | |
60 total
LISTENTO-WAGNER (
red | 55 APM | 3952 actions | 72:27)
10 Mountain King
3 Storm Bolt
3 Bash
1 Avatar
3 Thunder Clap
5 Pit Lord
3 Rain of Fire
1 Howl of Terror
1 Doom
» actions
| Assign group hotkey | 88 | |
| Basic commands | 112 | |
| Build / train | 145 | |
| Enter build submenu | 27 | |
| Enter hero's abilities submenu | 15 | |
| Give item / drop item | 10 | |
| Right click | 1600 | |
| Select / deselect | 491 | |
| Select group hotkey | 1293 | |
| Use ability | 169 | |
3952 total
» units
| Peasant | 17 | |
| Footman | 5 | |
| Gryphon Rider | 12 | |
| Mortar Team | 7 | |
| Siege Engine | 1 | |
42 total
» upgrades
| Masonry | 3 | |
| Lumber Harvesting | 2 | |
| Swords | 3 | |
| Armor | 3 | |
| Animal War Training | 1 | |
| Gunpowder | 3 | |
| Plating | 3 | |
| Storm Hammers | 2 | |
| Barrage | 1 | |
| Flare | 1 | |
| Fragmentation Shards | 1 | |
| Flying Machine Bombs | 1 | |
| Flak Cannons | 1 | |
| Cloud | 1 | |
26 total
» buildings
| Altar of Kings | 1 | |
| Barracks | 1 | |
| Farm | 14 | |
| Scout Tower | 21 | |
| Arcane Vault | 1 | |
| Arcane Tower | 2 | |
| Lumber Mill | 2 | |
| Town Hall | 2 | |
| Keep | 2 | |
| Guard Tower | 23 | |
| Castle | 2 | |
| Gryphon Aviary | 5 | |
| Blacksmith | 1 | |
| Workshop | 3 | |
80 total
» build order
00:15 Altar of Kings
00:23 Barracks
00:37 Farm
00:55 Farm
01:35 Farm
01:37 Farm
01:41 Scout Tower
02:02 Arcane Vault
02:10 Arcane Tower
02:10 Arcane Tower
03:22 Lumber Mill
03:50 Farm
03:52 Lumber Mill
04:42 Town Hall
04:52 Scout Tower
04:52 Scout Tower
05:08 Keep
05:33 Scout Tower
05:34 Scout Tower
05:35 Scout Tower
05:43 Guard Tower
06:15 Guard Tower
06:15 Guard Tower
06:43 Guard Tower
06:43 Guard Tower
07:30 Scout Tower
07:30 Scout Tower
07:31 Scout Tower
07:34 Scout Tower
08:27 Guard Tower
08:27 Guard Tower
08:41 Guard Tower
08:42 Guard Tower
08:52 Castle
09:04 Gryphon Aviary
09:08 Gryphon Aviary
09:17 Blacksmith
09:45 Farm
09:45 Farm
09:46 Farm
09:47 Farm
09:48 Farm
10:15 Guard Tower
10:37 Guard Tower
10:48 Farm
10:49 Farm
10:50 Farm
11:51 Guard Tower
12:57 Scout Tower
12:58 Scout Tower
13:00 Scout Tower
13:14 Keep
13:55 Guard Tower
13:55 Guard Tower
13:56 Guard Tower
14:03 Scout Tower
14:14 Guard Tower
14:29 Guard Tower
15:31 Guard Tower
15:38 Workshop
17:22 Workshop
17:24 Workshop
21:18 Castle
33:25 Town Hall
40:46 Gryphon Aviary
40:47 Gryphon Aviary
56:34 Scout Tower
56:35 Scout Tower
56:36 Scout Tower
» items
| Scroll of Regeneration | 5 | |
| Staff of Teleportation | 3 | |
| Dust of Appearance | 1 | |
| Ivory Tower | 5 | |
| Lesser Clarity Potion | 1 | |
| Potion of Healing | 1 | |
| Potion of Mana | 3 | |
| Scroll of Town Portal | 1 | |
| Potion of Invisibility | 1 | |
| Potion of Lesser Invulnerability | 2 | |
| Periapt of Vitality | 1 | |
| Boots of Speed | 1 | |
25 total
Chat log
(00:08 / Allies) xTHE_BEAR_JEWx: tanks
(00:34 / Allies) ITKTOO: gryphons
(00:38 / Allies) MrsDoubtfire: bats
(00:38 / Allies) xTHE_BEAR_JEWx: tanks
(00:54 / Allies) RevengeIsMine: lots of lvl ones tonight
(01:17 / All) ITKTOO: I'm new cut me some slack
(01:35 / Allies) xTHE_BEAR_JEWx: sending help in a minute
(01:45 / All) xTHE_BEAR_JEWx: yellow you suck
(02:13 / Allies) ITKTOO: back to work
(02:25 / Allies) ITKTOO: mirror image lol
(03:28 / Allies) xTHE_BEAR_JEWx: creep mid
(04:04 / Allies) ITKTOO: wood
(04:37 / Allies) ITKTOO: wood
(04:53 / Allies) RevengeIsMine: cmon
(05:15 / Allies) RevengeIsMine: fucking dumshits
(05:19 / Allies) RevengeIsMine: why didntr u help me
(05:26 / Allies) xTHE_BEAR_JEWx: coming
(05:44 / Allies) RevengeIsMine: seriously wtf
(05:50 / Allies) RevengeIsMine: u didnt do shit
(05:54 / All) MrsDoubtfire: HELLLOOOOOOOOOOOO!!!!!!!
(06:13 / Allies) ITKTOO: I need wood
(06:14 / Allies) ITKTOO: fucking crisht
(06:24 / Allies) MrsDoubtfire: chop it bitch
(06:35 / Allies) xTHE_BEAR_JEWx: purple come with me
(06:40 / Allies) MrsDoubtfire: k
(07:27 / Allies) ITKTOO: You guys are awesome teammates
(07:58 / Allies) RevengeIsMine: considering ur not doing anything?
(07:58 / All) KIllingtonSki: poor teal
(08:25 / All) ITKTOO: poor pink
(08:33 / All) KIllingtonSki: y cause u killed my hero?
(09:03 / Allies) xTHE_BEAR_JEWx: coming
(09:41 / Allies) ITKTOO: middle
(09:55 / Allies) ITKTOO: very middle
(10:07 / Allies) ITKTOO: go
(12:24 / All) ITKTOO: God you're good
(12:37 / All) KIllingtonSki: who is tping on me so i die...
(12:38 / All) ITKTOO: level 2 bm
(12:40 / All) ITKTOO: talented
(12:43 / All) LISTENTO-WAGNER: fucking yellow
(12:47 / All) LISTENTO-WAGNER: stop tp staffing him
(13:02 / All) ITKTOO: even your team hates you you stinky fat prick
(13:11 / Allies) ITKTOO: Wood please
(13:14 / Allies) ITKTOO: I really need it, gentlemen
(14:53 / All) RevengeIsMine: lmfao
(14:59 / All) DontLeaveMorons: I actually did TP in time
(15:01 / All) DontLeaveMorons: It just lagged
(15:06 / All) RevengeIsMine: sure u did
(15:16 / All) DontLeaveMorons: Animation played green
(15:19 / All) DontLeaveMorons: Watch replay
(17:10 / All) ITKTOO: sup
(17:54 / Allies) xTHE_BEAR_JEWx: green what you doing
(17:58 / Allies) RevengeIsMine: red hero
(18:01 / Allies) xTHE_BEAR_JEWx: k
(18:06 / Allies) RevengeIsMine: fightin
(18:58 / Allies) RevengeIsMine: blu why are u here
(19:08 / Allies) RevengeIsMine: go attack them
(19:26 / All) ITKTOO: Poor pink ;(
(19:44 / All) ITKTOO: Still level 2
(19:52 / All) ITKTOO: level 3!!!
(19:54 / All) ITKTOO: Thank your allies
(19:58 / All) LISTENTO-WAGNER: gj moron purple
(20:05 / All) MrsDoubtfire: HELLLOOOOOOOOOOOO!!!!!!!
(20:26 / All) MrsDoubtfire: wtf was that
(20:27 / All) DontLeaveMorons: Let's hit purp next, I raped his econ all game and he has nothing
(20:28 / Allies) MrsDoubtfire: lol
(20:29 / All) MrsDoubtfire: LOL
(20:34 / All) DontLeaveMorons: I can say that in all because our team is stronger
(20:35 / All) LISTENTO-WAGNER: hacks pruple
(20:36 / All) MrsDoubtfire: good for you
(20:41 / All) MrsDoubtfire: put it ona resume asshole
(21:00 / All) DontLeaveMorons: I think you're mad
(21:04 / All) MrsDoubtfire: i am
(21:10 / All) MrsDoubtfire: you motherfucker
(21:13 / All) MrsDoubtfire: come at me
(21:15 / All) DontLeaveMorons: K
(21:16 / All) DontLeaveMorons: I am
(21:19 / All) DontLeaveMorons: Here's my gryphons and BM
(21:29 / Allies) xTHE_BEAR_JEWx: tp
(21:43 / Allies) RevengeIsMine: teal
(21:48 / Allies) ITKTOO: Yep?
(21:54 / Allies) MrsDoubtfire: lol
(21:59 / Allies) MrsDoubtfire: 7k
(22:00 / All) DontLeaveMorons: Raped
(22:01 / Allies) ITKTOO: Haven't I been asking for wood and you have 1.5k wood?
(22:07 / All) DontLeaveMorons: Ok purp, I came at you
(22:11 / All) DontLeaveMorons: Now what? We steamroll and win
(22:11 / All) MrsDoubtfire: ok ty
(22:12 / All) DontLeaveMorons: Gj
(22:17 / All) LISTENTO-WAGNER: IT AINT OVER PURPLE
(22:20 / All) LISTENTO-WAGNER: GUARANTEE U
(22:23 / All) LISTENTO-WAGNER: stay fo the show
(22:54 / All) KIllingtonSki: when u watch the replay teal and realize that i fed and dident really get units till the end and yellow dident teck till wicked
(22:54 / All) RevengeIsMine: this is one shitty team
(23:02 / All) KIllingtonSki: late maybe your realize how shity u really are
(23:03 / All) LISTENTO-WAGNER: TRUST ME GREEN
(23:05 / All) LISTENTO-WAGNER: it aint over
(23:11 / All) RevengeIsMine: purp is horrible
(23:17 / All) Experiments: im bad too
(23:17 / All) RevengeIsMine: teal sucks completely
(23:21 / All) Experiments: wanted to try out a tower rush
(23:23 / All) Experiments: for first time
(23:28 / All) Experiments: never even did it in single player to testr
(23:30 / All) RevengeIsMine: and blu is i dont know what
(23:32 / All) xTHE_BEAR_JEWx: not the level
(23:35 / All) DontLeaveMorons: Teal is pro
(23:35 / All) MrsDoubtfire: just intime teal
(23:39 / All) DontLeaveMorons: You guys held teal down
(23:39 / All) RevengeIsMine: teal blows
(23:42 / All) DontLeaveMorons: Because you suck cock
(24:24 / All) RevengeIsMine: it any single ONE of these 3 helped me ywllow would be dead
(24:36 / All) RevengeIsMine: but they all suck
(24:37 / All) xTHE_BEAR_JEWx: you talk like you did anything
(24:50 / All) xTHE_BEAR_JEWx: what did you do
(24:51 / All) RevengeIsMine: watch the replay noobsauce
(24:56 / All) xTHE_BEAR_JEWx: cool
(25:00 / All) DontLeaveMorons: Watch the replay and watch how I raped purple again
(25:01 / All) DontLeaveMorons: Pro harass
(25:04 / All) xTHE_BEAR_JEWx: noobsauce you are a fag
(25:06 / All) RevengeIsMine: u blew a golden chance to knock out yellow
(25:23 / All) RevengeIsMine: fucking dumshits just sat on ur ass
(25:44 / All) RevengeIsMine: idiot teal has 8000 gold
(25:50 / All) DontLeaveMorons: I have 4k
(25:59 / All) RevengeIsMine: and purple sucks beyond recognition
(26:08 / All) MrsDoubtfire: and green...
(26:16 / All) MrsDoubtfire: ?
(26:22 / All) RevengeIsMine: is fighting alone
(26:23 / All) MrsDoubtfire: highscore?
(26:28 / All) RevengeIsMine: na
(26:32 / All) RevengeIsMine: score means nothing
(26:35 / All) MrsDoubtfire: so fuck you
(26:41 / All) RevengeIsMine: u2
(26:52 / All) ITKTOO: You ain't getting high score purple
(26:53 / All) KIllingtonSki: gg red and oj dont know when to run and when to fight
(27:04 / All) ITKTOO: at no point other than maybe first 30 seconds did you ever have high score
(27:06 / All) DontLeaveMorons: We know not to IN AN ALLIED BASE
(27:17 / All) xTHE_BEAR_JEWx: red you suck
(27:26 / All) MrsDoubtfire: HELLLOOOOOOOOOOOO!!!!!!!
(27:28 / All) MrsDoubtfire: HELLLOOOOOOOOOOOO!!!!!!!
(27:30 / All) MrsDoubtfire: HELLLOOOOOOOOOOOO!!!!!!!
(27:31 / All) MrsDoubtfire: HELLLOOOOOOOOOOOO!!!!!!!
(27:32 / All) MrsDoubtfire: HELLLOOOOOOOOOOOO!!!!!!!
(27:33 / All) MrsDoubtfire: HELLLOOOOOOOOOOOO!!!!!!!
(27:35 / All) MrsDoubtfire: HELLLOOOOOOOOOOOO!!!!!!!
(27:36 / All) MrsDoubtfire: HELLLOOOOOOOOOOOO!!!!!!!
(27:37 / All) MrsDoubtfire: HELLLOOOOOOOOOOOO!!!!!!!
(27:38 / All) MrsDoubtfire: HELLLOOOOOOOOOOOO!!!!!!!
(27:40 / All) MrsDoubtfire: HELLLOOOOOOOOOOOO!!!!!!!
(27:40 / All) LISTENTO-WAGNER: HELLO
(27:41 / All) MrsDoubtfire: HELLLOOOOOOOOOOOO!!!!!!!
(27:43 / All) MrsDoubtfire: HELLLOOOOOOOOOOOO!!!!!!!
(27:45 / All) MrsDoubtfire: HELLLOOOOOOOOOOOO!!!!!!!
(27:46 / All) MrsDoubtfire: HELLLOOOOOOOOOOOO!!!!!!!
(27:47 / All) MrsDoubtfire: HELLLOOOOOOOOOOOO!!!!!!!
(27:49 / All) MrsDoubtfire: HELLLOOOOOOOOOOOO!!!!!!!
(27:49 / Allies) ITKTOO: let's kill that blue
(27:50 / All) MrsDoubtfire: HELLLOOOOOOOOOOOO!!!!!!!
(27:51 / All) MrsDoubtfire: HELLLOOOOOOOOOOOO!!!!!!!
(27:53 / All) MrsDoubtfire: HELLLOOOOOOOOOOOO!!!!!!!
(27:54 / All) MrsDoubtfire: HELLLOOOOOOOOOOOO!!!!!!!
(27:56 / All) MrsDoubtfire: HELLLOOOOOOOOOOOO!!!!!!!
(27:57 / All) MrsDoubtfire: HELLLOOOOOOOOOOOO!!!!!!!
(27:58 / All) MrsDoubtfire: HELLLOOOOOOOOOOOO!!!!!!!
(27:59 / All) MrsDoubtfire: HELLLOOOOOOOOOOOO!!!!!!!
(28:00 / All) MrsDoubtfire: HELLLOOOOOOOOOOOO!!!!!!!
(28:02 / All) MrsDoubtfire: HELLLOOOOOOOOOOOO!!!!!!!
(28:03 / All) MrsDoubtfire: HELLLOOOOOOOOOOOO!!!!!!!
(28:06 / All) MrsDoubtfire: HELLLOOOOOOOOOOOO!!!!!!!
(28:06 / All) MrsDoubtfire: HELLLOOOOOOOOOOOO!!!!!!!
(28:07 / All) MrsDoubtfire: HELLLOOOOOOOOOOOO!!!!!!!
(28:08 / Allies) ITKTOO: Blue hlep me kill yellow
(28:08 / All) MrsDoubtfire: HELLLOOOOOOOOOOOO!!!!!!!
(28:10 / All) MrsDoubtfire: HELLLOOOOOOOOOOOO!!!!!!!
(28:10 / All) MrsDoubtfire: HELLLOOOOOOOOOOOO!!!!!!!
(28:14 / All) MrsDoubtfire: HELLLOOOOOOOOOOOO!!!!!!!
(28:15 / All) MrsDoubtfire: HELLLOOOOOOOOOOOO!!!!!!!
(28:16 / All) MrsDoubtfire: HELLLOOOOOOOOOOOO!!!!!!!
(28:17 / All) MrsDoubtfire: HELLLOOOOOOOOOOOO!!!!!!!
(28:18 / All) MrsDoubtfire: HELLLOOOOOOOOOOOO!!!!!!!
(28:20 / All) MrsDoubtfire: HELLLOOOOOOOOOOOO!!!!!!!
(28:21 / All) MrsDoubtfire: HELLLOOOOOOOOOOOO!!!!!!!
(28:22 / Allies) xTHE_BEAR_JEWx: real come with me
(28:22 / All) MrsDoubtfire: HELLLOOOOOOOOOOOO!!!!!!!
(28:23 / All) MrsDoubtfire: HELLLOOOOOOOOOOOO!!!!!!!
(28:25 / All) MrsDoubtfire: HELLLOOOOOOOOOOOO!!!!!!!
(28:26 / All) MrsDoubtfire: HELLLOOOOOOOOOOOO!!!!!!!
(28:28 / All) MrsDoubtfire: HELLLOOOOOOOOOOOO!!!!!!!
(28:29 / All) MrsDoubtfire: HELLLOOOOOOOOOOOO!!!!!!!
(28:30 / All) MrsDoubtfire: HELLLOOOOOOOOOOOO!!!!!!!
(28:31 / All) MrsDoubtfire: HELLLOOOOOOOOOOOO!!!!!!!
(28:33 / All) MrsDoubtfire: HELLLOOOOOOOOOOOO!!!!!!!
(28:34 / All) LISTENTO-WAGNER: lets kill blue
(28:34 / All) MrsDoubtfire: HELLLOOOOOOOOOOOO!!!!!!!
(28:35 / All) LISTENTO-WAGNER: yellow
(28:36 / All) MrsDoubtfire: HELLLOOOOOOOOOOOO!!!!!!!
(28:37 / All) MrsDoubtfire: HELLLOOOOOOOOOOOO!!!!!!!
(28:38 / All) MrsDoubtfire: HELLLOOOOOOOOOOOO!!!!!!!
(28:39 / All) MrsDoubtfire: HELLLOOOOOOOOOOOO!!!!!!!
(28:40 / All) MrsDoubtfire: HELLLOOOOOOOOOOOO!!!!!!!
(28:42 / All) MrsDoubtfire: HELLLOOOOOOOOOOOO!!!!!!!
(28:43 / All) MrsDoubtfire: HELLLOOOOOOOOOOOO!!!!!!!
(28:44 / All) MrsDoubtfire: HELLLOOOOOOOOOOOO!!!!!!!
(28:45 / All) MrsDoubtfire: HELLLOOOOOOOOOOOO!!!!!!!
(28:46 / All) MrsDoubtfire: HELLLOOOOOOOOOOOO!!!!!!!
(28:47 / All) MrsDoubtfire: HELLLOOOOOOOOOOOO!!!!!!!
(28:48 / All) MrsDoubtfire: HELLLOOOOOOOOOOOO!!!!!!!
(28:50 / All) MrsDoubtfire: HELLLOOOOOOOOOOOO!!!!!!!
(28:50 / All) MrsDoubtfire: HELLLOOOOOOOOOOOO!!!!!!!
(28:52 / All) MrsDoubtfire: HELLLOOOOOOOOOOOO!!!!!!!
(28:55 / All) MrsDoubtfire: HELLLOOOOOOOOOOOO!!!!!!!
(28:58 / All) MrsDoubtfire: HELLLOOOOOOOOOOOO!!!!!!!
(28:59 / All) MrsDoubtfire: HELLLOOOOOOOOOOOO!!!!!!!
(29:01 / All) MrsDoubtfire: HELLLOOOOOOOOOOOO!!!!!!!
(29:02 / All) MrsDoubtfire: HELLLOOOOOOOOOOOO!!!!!!!
(29:03 / All) MrsDoubtfire: HELLLOOOOOOOOOOOO!!!!!!!
(29:04 / All) MrsDoubtfire: HELLLOOOOOOOOOOOO!!!!!!!
(29:06 / All) MrsDoubtfire: HELLLOOOOOOOOOOOO!!!!!!!
(29:11 / All) LISTENTO-WAGNER: yellow
(29:13 / All) LISTENTO-WAGNER: kill green
(29:13 / All) MrsDoubtfire: HELLLOOOOOOOOOOOO!!!!!!!
(29:15 / All) MrsDoubtfire: vHELLLOOOOOOOOOOOO!!!!!!!
(29:17 / All) MrsDoubtfire: HELLLOOOOOOOOOOOO!!!!!!!
(29:18 / All) MrsDoubtfire: HELLLOOOOOOOOOOOO!!!!!!!
(29:19 / All) MrsDoubtfire: HELLLOOOOOOOOOOOO!!!!!!!
(29:20 / All) MrsDoubtfire: HELLLOOOOOOOOOOOO!!!!!!!
(29:21 / All) MrsDoubtfire: HELLLOOOOOOOOOOOO!!!!!!!
(29:30 / All) MrsDoubtfire: HELLLOOOOOOOOOOOO!!!!!!!
(29:31 / All) MrsDoubtfire: HELLLOOOOOOOOOOOO!!!!!!!
(29:33 / All) MrsDoubtfire: HELLLOOOOOOOOOOOO!!!!!!!
(29:34 / All) MrsDoubtfire: HELLLOOOOOOOOOOOO!!!!!!!
(29:35 / All) MrsDoubtfire: HELLLOOOOOOOOOOOO!!!!!!!
(29:39 / All) MrsDoubtfire: HELLLOOOOOOOOOOOO!!!!!!!
(29:40 / All) MrsDoubtfire: HELLLOOOOOOOOOOOO!!!!!!!
(29:42 / All) MrsDoubtfire: HELLLOOOOOOOOOOOO!!!!!!!
(29:45 / All) MrsDoubtfire: HELLLOOOOOOOOOOOO!!!!!!!
(29:47 / All) MrsDoubtfire: HELLLOOOOOOOOOOOO!!!!!!!
(29:54 / All) MrsDoubtfire: HELLLOOOOOOOOOOOO!!!!!!!
(29:55 / All) MrsDoubtfire: HELLLOOOOOOOOOOOO!!!!!!!
(30:00 / All) Experiments: STOP PAUSING
(30:04 / All) MrsDoubtfire: OK
(30:05 / All) MrsDoubtfire: HELLLOOOOOOOOOOOO!!!!!!!
(30:07 / All) MrsDoubtfire: HELLLOOOOOOOOOOOO!!!!!!!
(30:08 / All) MrsDoubtfire: HELLLOOOOOOOOOOOO!!!!!!!
(30:09 / All) MrsDoubtfire: HELLLOOOOOOOOOOOO!!!!!!!
(30:10 / All) MrsDoubtfire: HELLLOOOOOOOOOOOO!!!!!!!
(30:11 / All) MrsDoubtfire: HELLLOOOOOOOOOOOO!!!!!!!
(30:13 / All) MrsDoubtfire: HELLLOOOOOOOOOOOO!!!!!!!
(30:14 / All) MrsDoubtfire: HELLLOOOOOOOOOOOO!!!!!!!
(30:15 / All) MrsDoubtfire: HELLLOOOOOOOOOOOO!!!!!!!
(30:17 / All) MrsDoubtfire: HELLLOOOOOOOOOOOO!!!!!!!
(30:18 / All) MrsDoubtfire: HELLLOOOOOOOOOOOO!!!!!!!
(30:19 / All) MrsDoubtfire: HELLLOOOOOOOOOOOO!!!!!!!
(30:20 / All) MrsDoubtfire: HELLLOOOOOOOOOOOO!!!!!!!
(30:23 / All) MrsDoubtfire: HELLLOOOOOOOOOOOO!!!!!!!HELLLOOOOOOOOOOOO!!!!!!!HELLLOOOOOOOOOOOO!!!!!!!HELLLOOOOOOOOOOOO!!!!!!!HELLLOOOOOOOOOOOO!!!!!!!
(30:24 / All) MrsDoubtfire: HELLLOOOOOOOOOOOO!!!!!!!
(30:28 / Allies) MrsDoubtfire: HELLLOOOOOOOOOOOO!!!!!!!HELLLOOOOOOOOOOOO!!!!!!!HELLLOOOOOOOOOOOO!!!!!!!HELLLOOOOOOOOOOOO!!!!!!!HELLLOOOOOOOOOOOO!!!!!!!
(30:29 / All) MrsDoubtfire: HELLLOOOOOOOOOOOO!!!!!!!
(30:32 / All) MrsDoubtfire: HELLLOOOOOOOOOOOO!!!!!!!HELLLOOOOOOOOOOOO!!!!!!!HELLLOOOOOOOOOOOO!!!!!!!HELLLOOOOOOOOOOOO!!!!!!!HELLLOOOOOOOOOOOO!!!!!!!
(30:34 / All) MrsDoubtfire: HELLLOOOOOOOOOOOO!!!!!!!HELLLOOOOOOOOOOOO!!!!!!!HELLLOOOOOOOOOOOO!!!!!!!HELLLOOOOOOOOOOOO!!!!!!!HELLLOOOOOOOOOOOO!!!!!!!
(30:37 / All) MrsDoubtfire: HELLLOOOOOOOOOOOO!!!!!!!HELLLOOOOOOOOOOOO!!!!!!!HELLLOOOOOOOOOOOO!!!!!!!HELLLOOOOOOOOOOOO!!!!!!!HELLLOOOOOOOOOOOO!!!!!!!
(30:46 / All) MrsDoubtfire: HELLLOOOOOOOOOOOO!!!!!!!HELLLOOOOOOOOOOOO!!!!!!!HELLLOOOOOOOOOOOO!!!!!!!HELLLOOOOOOOOOOOO!!!!!!!HELLLOOOOOOOOOOOO!!!!!!!
(30:52 / All) MrsDoubtfire: HELLLOOOOOOOOOOOO!!!!!!!HELLLOOOOOOOOOOOO!!!!!!!HELLLOOOOOOOOOOOO!!!!!!!HELLLOOOOOOOOOOOO!!!!!!!HELLLOOOOOOOOOOOO!!!!!!!
(30:56 / All) MrsDoubtfire: HELLLOOOOOOOOOOOO!!!!!!!HELLLOOOOOOOOOOOO!!!!!!!HELLLOOOOOOOOOOOO!!!!!!!HELLLOOOOOOOOOOOO!!!!!!!HELLLOOOOOOOOOOOO!!!!!!!
(31:09 / All) MrsDoubtfire: let green go
(31:16 / All) Experiments: FUCKING
(31:18 / All) Experiments: IDIOT
(31:20 / All) Experiments: GOT ME KILLED
(31:22 / All) DontLeaveMorons: umad
(31:23 / All) Experiments: FUCKING RETARDED ALLY
(31:25 / All) xTHE_BEAR_JEWx: you suck green
(31:25 / All) Experiments: SO FUCKING DUMB
(31:26 / All) DontLeaveMorons: umad
(31:28 / All) MrsDoubtfire: lol
(31:29 / All) LISTENTO-WAGNER: WTF
(31:30 / All) Experiments: adding you to backstab list orange
(31:30 / All) LISTENTO-WAGNER: IS HAPPENING
(31:33 / All) DontLeaveMorons: umad
(31:36 / All) Experiments: hope u lose
(31:38 / All) MrsDoubtfire: this replay is getting posyed
(31:40 / All) DontLeaveMorons: We won
(31:40 / All) Experiments: ugoodatgrammar?
(31:42 / All) DontLeaveMorons: highper.ch
(31:46 / All) DontLeaveMorons: We were planning to post it anyway
(31:47 / All) DontLeaveMorons: Purple
(31:48 / Allies) RevengeIsMine: dumshits on streroids
(31:56 / All) MrsDoubtfire: uh huh
(31:58 / All) KIllingtonSki: no kidding
(32:02 / All) DontLeaveMorons: We post all of our replays
(32:03 / All) DontLeaveMorons: We are very famous and popular on highper.ch tbqh
(32:06 / All) ITKTOO: Purple did you like that spit roast/
(32:12 / All) xTHE_BEAR_JEWx: die red
(32:18 / All) KIllingtonSki: i know i enjoyed mine wish i bent over sooner!!!
(32:30 / Allies) RevengeIsMine: thats me dumshit
(32:31 / All) KIllingtonSki: if i had unitsleft id help u kill them
(33:07 / All) LISTENTO-WAGNER: we're gonna rape teal
(33:07 / Allies) xTHE_BEAR_JEWx: teal i need that
(33:12 / All) LISTENTO-WAGNER: watch the ass beat yellow
(33:14 / Allies) xTHE_BEAR_JEWx: teal
(33:18 / Allies) xTHE_BEAR_JEWx: stop or i will kill you
(33:19 / All) MrsDoubtfire: uh oh
(33:23 / Allies) xTHE_BEAR_JEWx: i need that
(33:27 / All) MrsDoubtfire: I NEED THATY
(33:28 / Allies) RevengeIsMine: take that one
(33:31 / All) MrsDoubtfire: I NEED IT
(33:38 / All) MrsDoubtfire: I NEEED IT
(33:44 / Allies) ITKTOO: wtf blue
(33:50 / Allies) xTHE_BEAR_JEWx: dont teal
(33:54 / Allies) xTHE_BEAR_JEWx: stop
(33:55 / Allies) ITKTOO: you attacked my hall
(33:56 / Allies) xTHE_BEAR_JEWx: idiot
(34:05 / All) MrsDoubtfire: lol
(34:11 / All) MrsDoubtfire: TK CITY
(34:14 / All) KIllingtonSki: teal why dont u just meet with blue and finish thi?
(34:33 / All) xTHE_BEAR_JEWx: you are such a little faggot
(34:36 / All) DontLeaveMorons: Because he is on our team obviously
(34:37 / All) MrsDoubtfire: Teal claims he is the superior blue
(34:49 / All) ITKTOO: You attacked me first
(34:54 / All) KIllingtonSki: teal go kill morts...
(35:04 / Allies) RevengeIsMine: kill the red morts teal
(35:11 / All) ITKTOO: Why?
(35:11 / Allies) RevengeIsMine: easy exp
(35:14 / All) ITKTOO: They haven't attacked me
(35:18 / All) LISTENTO-WAGNER: wtf is happenign this game
(35:20 / All) ITKTOO: Easy exp?
(35:22 / All) xTHE_BEAR_JEWx: this game attracts so many faggots i cant believe it
(35:25 / All) LISTENTO-WAGNER: where did ur base go purple
(35:27 / All) LISTENTO-WAGNER: we never hit u
(35:27 / All) ITKTOO: I'm level 10 you don't need any exp past that period
(35:29 / All) DontLeaveMorons: Shut up jew
(35:31 / All) xTHE_BEAR_JEWx: thats cuz you dont listen you dumb shit
(35:35 / All) MrsDoubtfire: lol
(35:37 / All) ITKTOO: You attacked me first bastard
(35:37 / All) LISTENTO-WAGNER: blue what happened
(35:41 / All) LISTENTO-WAGNER: i dont understand this
(35:42 / All) RevengeIsMine: reeally ruining what used to be a good game
(35:44 / All) MrsDoubtfire: you kids have ADD
(35:53 / All) ITKTOO: I am a mighty and glorious eagle
(35:59 / All) ITKTOO: You are nattering little birds
(36:02 / All) ITKTOO: Shut your saucy mouths
(36:30 / All) LISTENTO-WAGNER: we're gonna rape teal watch
(36:31 / All) xTHE_BEAR_JEWx: cool teal
(36:32 / All) LISTENTO-WAGNER: i never lost a game
(36:33 / Allies) RevengeIsMine: well another loss thanks to idiot teal
(36:35 / All) xTHE_BEAR_JEWx: get a life
(36:39 / All) LISTENTO-WAGNER: if we dont win, i will show u guys pics of my sister
(36:42 / All) LISTENTO-WAGNER: she is 18 yr old
(36:45 / All) RevengeIsMine: it will be easy actually
(36:48 / All) xTHE_BEAR_JEWx: green you ae no better faggot
(36:51 / All) ITKTOO: He has 2.5k wood
(36:53 / All) RevengeIsMine: teal is epic bad
(36:54 / All) ITKTOO: Never gave me any
(36:56 / All) ITKTOO: I've been asking all game
(37:11 / All) MrsDoubtfire: there you go sweetie
(37:16 / All) MrsDoubtfire: wooded you
(37:20 / Allies) ITKTOO: Heh
(37:25 / All) ITKTOO: Shall we tell them the deal?
(37:26 / All) LISTENTO-WAGNER: wtf orange is backstabbign me
(37:29 / All) RevengeIsMine: u all blow esp teal
(37:31 / All) LISTENTO-WAGNER: WTF ORANGE IS BSING
(37:35 / All) DontLeaveMorons: RAPED
(37:43 / All) MrsDoubtfire: i wanna see ugly sister
(37:45 / All) DontLeaveMorons: LOL nice defend moron
(37:48 / All) DontLeaveMorons: killed your castle before tp
(37:55 / All) LISTENTO-WAGNER: she is attractive moron
(38:12 / All) ITKTOO: How big are her tits
(38:13 / All) RevengeIsMine: lol hes still killin blu after he left
(38:14 / All) MrsDoubtfire: an attractive moron?
(38:20 / All) ITKTOO: I'm driving the point home
(38:24 / All) MrsDoubtfire: so she's easy?
(38:29 / All) RevengeIsMine: hes not here u fool
(38:34 / All) LISTENTO-WAGNER: rape
(38:39 / All) ITKTOO: He will feel it in the after life
(38:41 / All) MrsDoubtfire: dont rape your sis
(38:44 / All) RevengeIsMine: na
(38:44 / All) MrsDoubtfire: dude not cool
(38:45 / All) DontLeaveMorons: Fuck you scrub I raped your base noob
(38:47 / All) LISTENTO-WAGNER: mortars are urs orange
(38:48 / All) ITKTOO: I crush his limbs
(38:52 / All) ITKTOO: I smash his head
(38:58 / All) ITKTOO: He will not trouble my kin in the hereafter
(39:18 / All) RevengeIsMine: in the afterlife ur the one who gets assfucked
(39:25 / All) DontLeaveMorons: No I get 72 virgins
(39:26 / All) ITKTOO: I gave bread to the poor
(39:30 / All) ITKTOO: I defended the river for Heh
(39:34 / All) ITKTOO: Heh favors me
(39:35 / All) RevengeIsMine: virgin goats maybe
(39:50 / All) MrsDoubtfire: better than raping yer sister
(39:53 / All) ITKTOO: Anubis smiles upon me, I have defended the lives of the innocents against the cruel and strong
(39:54 / All) DontLeaveMorons: No. Virgin 13 year old boys
(39:58 / All) DontLeaveMorons: According to Qur'an
(40:03 / All) ITKTOO: I am the hero without equal
(40:05 / All) RevengeIsMine: fuck the koran
(40:07 / All) LISTENTO-WAGNER: plz be respectable of my sister purple
(40:07 / All) ITKTOO: I am the champion without peer
(40:09 / All) DontLeaveMorons: Maybe it will include you green
(40:11 / All) Experiments: so... is this game still going on?
(40:11 / All) DontLeaveMorons: If I'm lucky
(40:15 / All) DontLeaveMorons: Yes
(40:16 / All) KIllingtonSki: literaly wish i could see your honest ages
(40:16 / All) MrsDoubtfire: you offer pics
(40:20 / All) LISTENTO-WAGNER: pink trust me, we're gonn a win, we are pro
(40:22 / All) MrsDoubtfire: you disrepected first
(40:29 / All) LISTENTO-WAGNER: i got a 150 win icon i no what im doing
(40:31 / All) KIllingtonSki: dude i know were are going to win..
(40:38 / All) RevengeIsMine: well anyone can beat teal esp orange
(40:49 / All) ITKTOO: The the nation was in chaos, I alone cleared out the brigands
(40:57 / All) LISTENTO-WAGNER: no pink im not, i got a shaman icon
(41:00 / All) ITKTOO: I alone stood up for the poor and downtrodden
(41:03 / All) LISTENTO-WAGNER: it means im experienced
(41:06 / All) KIllingtonSki: u have a 150 icon. stfu no one cares that sucks
(41:46 / All) LISTENTO-WAGNER: WTF TEAL KILLING GREEN
(41:57 / All) ITKTOO: He's a jerk
(41:57 / All) RevengeIsMine: lol he has no clue
(42:09 / All) Experiments: everyone's a jerk this game
(42:16 / All) Experiments: most retarded game ever
(42:17 / All) ITKTOO: Only pink and purple and green
(42:17 / All) DontLeaveMorons: I need some juicy XP for my tinker
(42:18 / All) RevengeIsMine: its bnet
(42:23 / All) ITKTOO: and blue tried to steal my expo
(42:25 / All) ITKTOO: I was there first
(42:32 / All) LISTENTO-WAGNER: pink is nice
(42:32 / All) Experiments: orange is a jerk and so is red
(42:33 / All) RevengeIsMine: used to be easy to find a decent game
(42:33 / All) LISTENTO-WAGNER: he ain ta jerk
(42:38 / All) MrsDoubtfire: HELLLOOOOOOOOOOOO!!!!!!!
(42:40 / All) MrsDoubtfire: HELLLOOOOOOOOOOOO!!!!!!!
(42:42 / All) Experiments: red never gave any gold when he had 2.5k and i was struggling
(42:42 / All) MrsDoubtfire: HELLLOOOOOOOOOOOO!!!!!!!
(42:44 / All) MrsDoubtfire: HELLLOOOOOOOOOOOO!!!!!!!
(42:45 / All) MrsDoubtfire: HELLLOOOOOOOOOOOO!!!!!!!
(42:45 / All) LISTENTO-WAGNER: purple is ag ood guy
(42:47 / All) MrsDoubtfire: HELLLOOOOOOOOOOOO!!!!!!!
(42:49 / All) MrsDoubtfire: HELLLOOOOOOOOOOOO!!!!!!!
(42:51 / All) MrsDoubtfire: HELLLOOOOOOOOOOOO!!!!!!!
(42:52 / All) MrsDoubtfire: HELLLOOOOOOOOOOOO!!!!!!!
(42:54 / All) MrsDoubtfire: HELLLOOOOOOOOOOOO!!!!!!!
(42:58 / All) Experiments: and orange decided it would be a good idea to staff of teleport on my 200 HP MK running away for his life
(42:59 / All) MrsDoubtfire: HELLLOOOOOOOOOOOO!!!!!!!
(43:00 / All) Experiments: and got him killed
(43:04 / All) Experiments: that was my last unit I had
(43:06 / All) DontLeaveMorons: If you want a decent game try World of Warcraft I hear it's a good game with good story to sequel campain!
(43:06 / All) MrsDoubtfire: HELLLOOOOOOOOOOOO!!!!!!!
(43:17 / All) ITKTOO: You shouldn't have lost that battle
(43:18 / All) RevengeIsMine: now bnet is full of asswipes
(43:21 / All) ITKTOO: You had the better units
(43:23 / All) Experiments: i hope teal wins
(43:24 / All) DontLeaveMorons: Feed me in middle
(43:27 / All) ITKTOO: But lacked the requisite skill
(43:52 / All) RevengeIsMine: so is orange is in ur room?
(43:59 / All) DontLeaveMorons: Yes
(44:01 / All) LISTENTO-WAGNER: orange is a closet freak
(44:14 / All) DontLeaveMorons: Feed me in middle jews
(44:39 / All) KIllingtonSki: teal can u just plz try and win this game
(44:47 / All) LISTENTO-WAGNER: teal sucks
(44:51 / All) RevengeIsMine: well screw this im going to have a sandwich see in the morning
(44:58 / All) DontLeaveMorons: NOOB sacrificed level 10 AM LOL
(45:00 / All) KIllingtonSki: bye
(45:05 / All) DontLeaveMorons: 3 levels insta
(45:10 / All) DontLeaveMorons: 1 to 4 immediately
(45:31 / All) LISTENTO-WAGNER: feed me 6 u can have my mk?
(45:34 / All) LISTENTO-WAGNER: oops
(45:57 / All) MrsDoubtfire: OH DAMN
(46:03 / All) MrsDoubtfire: HE KILLE DTHAT DUDE
(46:08 / All) MrsDoubtfire: GO TEAL
(46:51 / All) LISTENTO-WAGNER: fucking orange toook my dagger of escape
(46:55 / All) DontLeaveMorons: I need xp
(46:56 / Allies) MrsDoubtfire: teal is terrible at chopping wood
(47:02 / All) DontLeaveMorons: No it's still there noob
(48:04 / All) LISTENTO-WAGNER: WTF U 2 DOING
(48:11 / All) MrsDoubtfire: WTF STOP IT
(49:01 / All) DontLeaveMorons: LEVEL ^
(49:03 / All) DontLeaveMorons: 6
(49:11 / All) DontLeaveMorons: ROBOGOBLIN
(49:20 / All) Experiments: so... why are you guys still here?
(49:27 / All) DontLeaveMorons: Because umad cuz ubad
(49:31 / All) Experiments: why am I still here?
(49:39 / All) DontLeaveMorons: I'll make shit to feed you guys in middle now
(49:42 / All) ITKTOO: You can achieve victory
(49:59 / All) LISTENTO-WAGNER: yellow whats up
(50:07 / All) DontLeaveMorons: whats up yellow my mang
(50:32 / All) MrsDoubtfire: RUN
(51:09 / All) Experiments: anyways, this game is boring
(51:35 / Allies) RevengeIsMine: itkt00
(51:52 / All) DontLeaveMorons: Teal, kill my shit in middle god damn
(51:56 / All) DontLeaveMorons: We could make this a standoff too
(51:59 / All) ITKTOO: It is
(52:57 / All) ITKTOO: Kill am
(54:34 / All) LISTENTO-WAGNER: ur gonna get owned teal
(54:36 / All) LISTENTO-WAGNER: u suck ass
(54:42 / All) LISTENTO-WAGNER: PURPLE U HERE
(54:44 / All) LISTENTO-WAGNER: HELLO?
(54:45 / All) DontLeaveMorons: teal is noob
(54:50 / All) MrsDoubtfire: HELLLOOOOOOOOOOOO!!!!!!!
(54:52 / All) MrsDoubtfire: HELLLOOOOOOOOOOOO!!!!!!!
(54:54 / All) MrsDoubtfire: HELLLOOOOOOOOOOOO!!!!!!!
(54:56 / All) MrsDoubtfire: HELLLOOOOOOOOOOOO!!!!!!!
(54:57 / All) LISTENTO-WAGNER: HELLO
(54:58 / All) MrsDoubtfire: HELLLOOOOOOOOOOOO!!!!!!!
(54:59 / All) MrsDoubtfire: HELLLOOOOOOOOOOOO!!!!!!!
(55:00 / All) MrsDoubtfire: HELLLOOOOOOOOOOOO!!!!!!!
(55:02 / All) ITKTOO: HELLOOOOOOOOOOOOOO!!!!!
(55:03 / All) MrsDoubtfire: HELLLOOOOOOOOOOOO!!!!!!!
(55:04 / All) DontLeaveMorons: HIIIIIIIIIIIIII~~~~~~~
(55:07 / All) MrsDoubtfire: HELLLOOOOOOOOOOOO!!!!!!!
(55:09 / All) MrsDoubtfire: HELLLOOOOOOOOOOOO!!!!!!!
(55:11 / All) MrsDoubtfire: HELLLOOOOOOOOOOOO!!!!!!!
(55:13 / All) MrsDoubtfire: HELLLOOOOOOOOOOOO!!!!!!!
(55:16 / All) MrsDoubtfire: HELLLOOOOOOOOOOOO!!!!!!!
(55:17 / All) MrsDoubtfire: HELLLOOOOOOOOOOOO!!!!!!!
(55:19 / All) MrsDoubtfire: HELLLOOOOOOOOOOOO!!!!!!!
(55:20 / All) MrsDoubtfire: HELLLOOOOOOOOOOOO!!!!!!!
(55:27 / All) DontLeaveMorons: HIIIIIIIIIII~~~~~~~~~~~~~~~~~~~~~~~~~~~~~~~~~~~~~~~~~~~~~~~~~~~~~~
(55:47 / All) DontLeaveMorons: WHY DOESN'T ~~~~~~~~~~~ OPEN CONSOLE LIKE BETHESDA GAME?!?!?!?!??!?!?!?!?!?!?
(55:58 / All) DontLeaveMorons: HOW I TGM?
(57:32 / All) DontLeaveMorons: Orb of frost rape
(58:04 / All) LISTENTO-WAGNER: DAMAGE REDUCTIONF OR U
(58:22 / All) LISTENTO-WAGNER: shit
(58:35 / All) DontLeaveMorons: raped
(58:38 / All) DontLeaveMorons: orb of frost is good
(58:40 / All) ITKTOO: My tinker is fast lol
(59:51 / All) LISTENTO-WAGNER: bizatch
(59:54 / All) LISTENTO-WAGNER: i wnat to see a tinker battle
(60:34 / All) LISTENTO-WAGNER: ok listen up everybody
(60:38 / All) MrsDoubtfire: HELLLOOOOOOOOOOOO!!!!!!!
(60:53 / All) LISTENTO-WAGNER: orange, teal, and I are going to kill ALL units INCLUDING our own, and leave the game
(60:56 / All) LISTENTO-WAGNER: person with best internet wins
(61:02 / All) LISTENTO-WAGNER: we'll leave one building on each side
(61:17 / All) LISTENTO-WAGNER: so u all have equal chance at victory
(61:27 / All) MrsDoubtfire: socialist
(61:40 / All) LISTENTO-WAGNER: heh, never been called that before in standoff
(65:13 / All) LISTENTO-WAGNER: see pink and
(65:28 / All) DontLeaveMorons: they have 0 buildings
(65:40 / All) LISTENTO-WAGNER: i know i meant
(65:45 / All) LISTENTO-WAGNER: "see teal killing himself"
(66:43 / All) DontLeaveMorons: I have nothing now
(66:44 / All) DontLeaveMorons: 0 supply
(67:01 / All) DontLeaveMorons: And 0 peasants
(67:10 / All) MrsDoubtfire: and no penis
(67:35 / All) MrsDoubtfire: ....
(67:46 / All) LISTENTO-WAGNER: we're killing our units purple
(67:48 / All) LISTENTO-WAGNER: and then leaving the game
(67:50 / All) DontLeaveMorons: I still have towers to complete the standoff
(67:53 / All) LISTENTO-WAGNER: if u have a good internet u may win
(67:57 / All) DontLeaveMorons: You still have a chance
(69:14 / All) ITKTOO: If Blizzard still exists they should legally be liable to support this game
(69:29 / All) DontLeaveMorons: I just want a new ladder map pool
(69:32 / All) DontLeaveMorons: TEAL
(69:34 / All) DontLeaveMorons: DO NOT KILL THAT
(69:36 / All) DontLeaveMorons: 0 FOOD
(69:45 / All) ITKTOO: I like your frog
(69:51 / All) ITKTOO: Final gold count?
(69:56 / All) DontLeaveMorons: 10.9k
(70:01 / All) LISTENTO-WAGNER: 266
(70:02 / All) LISTENTO-WAGNER: lalw
(70:14 / All) ITKTOO: 33,000
(70:23 / All) MrsDoubtfire: 32958
(70:53 / All) DontLeaveMorons: Teal you have farms, no mechanical critters or production right?
(72:08 / All) DontLeaveMorons: Sexcellent
(72:10 / All) DontLeaveMorons: Good work
(72:12 / All) DontLeaveMorons: Highper.ch FTW
(72:18 / All) DontLeaveMorons: LET IT BEGIN, LET IT BEGIN
(72:20 / All) LISTENTO-WAGNER: person with best internet wins good luck all
(72:23 / All) DontLeaveMorons: GLHF
(72:25 / All) MrsDoubtfire: lol